[Event "Team 45 45 League T28"]
[Site "Free Internet Chess Server"]
[Date "2005.09.24"]
[Round "2"]
[White "phorku"]
[Black "NovoLook"]
[Result "1-0"]
[WhiteElo "1584"]
[BlackElo "1533"]
[TimeControl "2700+45"]

1. e4 c5 2. Bc4 d6 3. d3 Nf6 4. f4 Qc7 5. Nf3 e6 6. O-O Nc6 7. Nc3 a6 8. Qe2 Na5 9. e5 Nxc4 10. exf6 Nb6 11. fxg7 Bxg7 12. f5 e5 13. Qf2 f6 14. Qh4 Qf7 15. Ne4 Ke7 16. Bd2 Nd7 17. Rae1 h6 18. d4 b6 19. dxe5 dxe5 20. Bc3 Bb7 21. Bxe5 Nxe5 22. Nxe5 Qxa2 23. Ng6+ Kf7 24. Nxh8+ Rxh8 25. Nd6+ Kf8 26. Re8#   {Black checkmated} 1-0

[Event "Team 45 45 League T28"]
[Site "Free Internet Chess Server"]
[Date "2005.09.27"]
[Round "2"]
[White "kballoloco"]
[Black "tjraczko"]
[Result "1-0"]
[WhiteElo "1625"]
[BlackElo "1557"]
[TimeControl "2700+45"]

1. d4 d5 2. Nf3 Nf6 3. Bf4 e6 4. e3 c5 5. c3 Be7 6. Be2 Nc6 7. Nbd2 O-O 8. O-O h6 9. h3 cxd4 10. exd4 Bd6 11. Bxd6 Qxd6 12. Bd3 e5 13. dxe5 Nxe5 14. Nxe5 Qxe5 15. Nf3 Qd6 16. Nd4 b6 17. Qf3 Bd7 18. Rfe1 Rfe8 19. Nf5 Bxf5 20. Bxf5 Qc5 21. Rad1 Rxe1+ 22. Rxe1 Rd8 23. Bb1 d4 24. Rd1 Kf8 25. Qd3 g6 26. cxd4 Qd6 27. Qe3 Kg7 28. a3 Qd5 29. Rd3 Re8 30. Qd2 Ne4 31. Qd1 Re6 32. Re3 Nd6 33. Rxe6 fxe6 34. Qa4 a5 35. Qd7+ Kf6 36. Qd8+ Kg7 37. Qxb6 Nc4 38. Qc7+ Kf6 39. Ba2 Qxd4 40. Qxc4 Qd1+ 41. Kh2 Qd6+ 42. g3 Qb6 43. Qxe6+ Qxe6 44. Bxe6 Kxe6 45. b4 axb4 46. axb4 g5 47. h4 Kd5 48. hxg5 hxg5 49. f4   {Black resigns} 1-0

[Event "Team 45 45 League T28"]
[Site "Free Internet Chess Server"]
[Date "2005.09.24"]
[Round "2"]
[White "mdinutu"]
[Black "Lamtarra"]
[Result "1/2-1/2"]
[WhiteElo "1452"]
[BlackElo "1544"]
[TimeControl "2700+45"]

1. e4 d6 2. d4 Nf6 3. Nc3 g6 4. Nf3 Bg7 5. Bc4 O-O 6. O-O Nbd7 7. Bf4 c5 8. d5 Nb6 9. Qd3 Bg4 10. Nd2 a6 11. h3 Bd7 12. Rad1 Nxc4 13. Qxc4 b5 14. Qd3 b4 15. Ncb1 Bb5 16. Nc4 Nd7 17. c3 Be5 18. Bh6 Bg7 19. Bxg7 Kxg7 20. Nbd2 Ne5 21. Qe2 Qc8 22. f4 Nd7 23. Rf2 bxc3 24. bxc3 Qc7 25. Qe3 Rab8 26. Rb1 Nb6 27. Nxb6 Rxb6 28. c4 Bd7 29. Qc3+ f6 30. Rxb6 Qxb6 31. Qb3 Rb8 32. Qxb6 Rxb6 33. Nb3 Ba4 34. Rb2 Kf7 35. Kf2 Bxb3 36. Rxb3 Rxb3 37. axb3 e6 38. Ke3 e5 39. fxe5 fxe5 40. Kf3 Kf6 41. h4 g5 42. h5 Kg7 43. g4 h6   {Game drawn by mutual agreement} 1/2-1/2

[Event "Team 45 45 League T28"]
[Site "Free Internet Chess Server"]
[Date "2005.09.26"]
[Round "2"]
[White "leonardobobadilla"]
[Black "chesstalker"]
[Result "1-0"]
[WhiteElo "1443"]
[BlackElo "1432"]
[TimeControl "2700+45"]

1. d4 e5 2. dxe5 Nc6 3. Nf3 d6 4. Bf4 Bg4 5. Nbd2 Qe7 6. h3 Bh5 7. g4 Bg6 8. exd6 cxd6 9. Nc4 Rd8 10. Bg2 d5 11. Nce5 Be4 12. O-O Bxf3 13. Nxf3 Qb4 14. b3 Qxf4 15. e3 Qc7 16. Re1 Nf6 17. Nd4 Qe5 18. f4 Qc7 19. e4 Ne7 20. e5 Nd7 21. e6 Nb6 22. exf7+ Kxf7 23. Ne6 Qd6 24. Nxd8+ Qxd8 25. Qe2 Ke8 26. Rad1 Qd6 27. Bxd5 Qc5+ 28. Qe3 Qxe3+ 29. Rxe3 Nxd5 30. Rxd5 Kf7 31. Rd7 Ke8 32. Rxb7 Kd8 33. Rd3+ Kc8 34. Rxa7 Nf5 35. Ra8+ Kc7 36. Rxf8 Rxf8 37. gxf5 Rxf5 38. Rd4 Rh5 39. Kg2 Rh6 40. f5 Rf6 41. Rd5 g6 42. fxg6 hxg6 43. c4 Re6 44. Kf3 Re1 45. c5 Kc6 46. Rd6+ Kxc5 47. Rxg6 Rg1 48. Rxg1   {Black resigns} 1-0

[Event "Team 45 45 League T28"]
[Site "Free Internet Chess Server"]
[Date "2005.09.26"]
[Round "2"]
[White "hotjazz"]
[Black "rgadoury"]
[Result "1-0"]
[WhiteElo "1387"]
[BlackElo "1426"]
[TimeControl "2700+45"]

1. e4 c5 2. Nf3 d6 3. d4 cxd4 4. Nxd4 Nf6 5. Nc3 Nbd7 6. Bc4 g6 7. O-O Bg7 8. Re1 e5 9. Ne6 fxe6 10. Qxd6 Nb6 11. Bb5+ Bd7 12. Bxd7+ Qxd7 13. Qxe5 O-O 14. Bg5 a6 15. Rad1 Qc6 16. Rd6 Nfd7 17. Qxe6+ Kh8 18. Rxc6 Bxc3 19. Rxc3 Rae8 20. Qg4 Kg7 21. Qh4 h5 22. e5 Re6 23. Rc7 Kg8 24. Rxb7 Nxe5 25. Bh6 Nf3+ 26. gxf3 Rxe1+ 27. Kg2 Rf7 28. Rxb6 Re2 29. Rxg6+ Kh8 30. Qd8+ Kh7 31. Qg8#   {Black checkmated} 1-0

[Event "Team 45 45 League T28"]
[Site "Free Internet Chess Server"]
[Date "2005.09.22"]
[Round "2"]
[White "Kamalleo"]
[Black "Dreadtower"]
[Result "1/2-1/2"]
[WhiteElo "1249"]
[BlackElo "1409"]
[TimeControl "2700+45"]

1. d4 Nf6 2. c4 e6 3. e3 d5 4. Nd2 Bb4 5. a3 Ba5 6. Nf3 dxc4 7. Qa4+ Nc6 8. Bxc4 a6 9. b4 Bb6 10. b5 axb5 11. Qxb5 h6 12. O-O Bd7 13. Qb3 Na5 14. Qd3 Nxc4 15. Nxc4 Bc6 16. Nxb6 cxb6 17. Ne5 Qd5 18. Nxc6 bxc6 19. f3 c5 20. Bb2 O-O 21. e4 Qg5 22. Bc1 Qh5 23. h3 Rfd8 24. Be3 e5 25. d5 Qg6 26. Ra2 Nxd5 27. Bc1 Nf4 28. Qb3 Nxh3+ 29. Kh1 Qh5 30. gxh3 Qxh3+ 31. Rh2 Qe6 32. Qe3 Qc4 33. Qf2 Rxa3 34. Bxa3 Qb3 35. Bb2 Rd1 36. Bxe5 Qd3 37. Rg1 Rxg1+ 38. Qxg1 Qxf3+ 39. Rg2 Qh5+ 40. Rh2 Qxe5 41. Qg2 Qa1+ 42. Qg1 Qe5 43. Re2 Qh5+ 44. Qh2 Qf3+ 45. Rg2 Qxe4 46. Qb8+ Kh7 47. Qxb6 c4 48. Qb4 Qd3 49. Rg4 Qf3+ 50. Rg2 c3 51. Qb1+ g6 52. Qc1 Kg7 53. Kg1 f5 54. Rf2 Qg3+ 55. Kf1 Kf6 56. Ke1 g5 57. Kd1 Qd3+ 58. Ke1 f4 59. Re2 f3 60. Re3 Qd2+ 61. Qxd2 cxd2+ 62. Kxd2 g4 63. Ke1 Kf5 64. Kf2 Kf4 65. Ra3 g3+ 66. Kf1 g2+ 67. Kf2 Kg4 68. Rxf3 g1=Q+ 69. Kxg1 Kxf3 70. Kh2 Kg4 71. Kg2 h5 72. Kh2 h4 73. Kg2 Kf4 74. Kh3 Kg5 75. Kh2 Kg4 76. Kh1 Kg3 77. Kg1 h3 78. Kh1 Kf3 79. Kh2 Kg4 80. Kh1 Kg3 81. Kg1 Kf3 82. Kh1 Kg4 83. Kg1 Kg3 84. Kh1 Kf3 85. Kg1 Kg3 86. Kh1 h2   {Game drawn by stalemate} 1/2-1/2

[Event "Team 45 45 League T28"]
[Site "Free Internet Chess Server"]
[Date "2005.09.24"]
[Round "2"]
[White "nasmichael"]
[Black "blkmagic"]
[Result "1/2-1/2"]
[WhiteElo "1314"]
[BlackElo "1098"]
[TimeControl "2700+45"]

1. Nf3 d5 2. d4 Nc6 3. c4 Nf6 4. Nc3 e6 5. Bf4 Ne4 6. e3 Bd6 7. Ne5 Bxe5 8. Nxe4 Bxf4 9. cxd5 Qxd5 10. exf4 Qxe4+ 11. Qe2 Qxd4 12. Rd1 Qb4+ 13. Qd2 Qe4+ 14. Qe3 Qxe3+ 15. fxe3 O-O 16. Bc4 e5 17. O-O Bg4 18. Rd5 Rad8 19. fxe5 Rxd5 20. Bxd5 Nxe5 21. Bxb7 Rb8 22. Bd5 Rxb2 23. h3 Be2 24. Rf5 Nd3 25. Rxf7 h6 26. Rxc7+ Kh7 27. Be4+ Kg8 28. Bd5+ Kf8 29. Rf7+ Kg8 30. Rxa7+ Kh7 31. Be4+ Kg8 32. Bd5+ Kh7 33. Be4+   {Game drawn by mutual agreement} 1/2-1/2

[Event "Team 45 45 League T28"]
[Site "Free Internet Chess Server"]
[Date "2005.09.25"]
[Round "2"]
[White "coderbird"]
[Black "alfreale"]
[Result "0-1"]
[WhiteElo "1455"]
[BlackElo "1480"]
[TimeControl "2700+45"]

1. e4 e5 2. Nf3 Nc6 3. Bc4 Bc5 4. d3 h6 5. a3 d6 6. O-O Nge7 7. b4 Bb6 8. Nc3 O-O 9. Nd5 Nxd5 10. Bxd5 Ne7 11. Bb3 Kh7 12. d4 f6 13. c3 Ng6 14. g3 Bg4 15. a4 a5 16. b5 exd4 17. cxd4 Bxf3 18. Qxf3 Bxd4 19. Ra2 Qd7 20. Bd5 c6 21. bxc6 bxc6 22. Bb3 c5 23. Bd5 Rab8 24. Rc2 Ne5 25. Qf5+ Qxf5 26. exf5 Rb4 27. Ra2 c4 28. Kg2 c3 29. Rd1 Rc8 30. Be4 Nd7 31. Bc2 Be5 32. f4 Bd4 33. Ba3 Rcc4 34. Bxb4 Rxb4 35. Rb1 Nc5 36. Rxb4 axb4 37. a5 b3 38. Bxb3 Nxb3 39. a6 Ba7 40. Rc2 Bd4 41. Kf3 d5 42. Ke2 Na5 43. Rxc3 Ba7 44. Rc7 Bb6 45. Rd7 Nc6 46. Rxd5 Ba7 47. h4 Kg8 48. g4 Kf7 49. g5 Ke7 50. Rd1 Nd4+ 51. Rxd4 Bxd4 52. Kd3 Ba7 53. Kc4 Kd7 54. Kb5 Kc7 55. h5 Kd6 56. gxf6 gxf6 57. Kc4 Kc7 58. Kd5 Kd7 59. Kc4 Kc6 60. Kd3 Kb6 61. Ke4 Kc6 62. Kd3 Kd5 63. Kc3 Ke4 64. Kc4 Kxf4 65. Kb5 Kxf5 66. Kc6 Kg5 67. Kd7 f5 68. Ke6 f4 69. Kf7 f3 70. Kg7 f2 71. Kf7 f1=Q+ 72. Kg7 Qxa6 73. Kh7 Kxh5 74. Kg7 Qe6 75. Kh7 Kg5 76. Kh8 Qe7 77. Kg8 Qb7 78. Kh8 Kg6 79. Kg8 Qg7#   {White checkmated} 0-1

[Event "Team 45 45 League T28"]
[Site "Free Internet Chess Server"]
[Date "2005.09.23"]
[Round "2"]
[White "KlassAct"]
[Black "wekabird"]
[Result "1-0"]
[WhiteElo "1439"]
[BlackElo "1430"]
[TimeControl "2700+45"]

1. e4 c6 2. Nf3 d5 3. exd5 cxd5 4. d4 Nc6 5. Bd3 e6 6. O-O Bd7 7. c3 Qb6 8. Nbd2 O-O-O 9. Nb3 Nf6 10. Bf4 h6 11. Rc1 g5 12. Be5 Nxe5 13. Nxe5 Bb5 14. Nxf7 Bxd3 15. Qxd3 Bg7 16. Nxd8 Rxd8 17. Rfe1 Kb8 18. Re2 Qd6 19. Rce1 Ng4 20. Qg3 Qxg3 21. hxg3 Rd6 22. Rxe6 Rxe6 23. Rxe6 a6 24. f3 Nf6 25. Re7 Bf8 26. Rf7 Nh5 27. Rxf8+ Ka7 28. Kf2 Ng7 29. f4 gxf4 30. gxf4 Ne6 31. Rf6 Nc7 32. Rxh6 Nb5 33. f5 Nc7 34. f6 Ne6 35. f7 Nf8 36. Rh8 Ng6 37. f8=Q Nxf8 38. Rxf8   {Black resigns} 1-0

[Event "Team 45 45 League T28"]
[Site "Free Internet Chess Server"]
[Date "2005.09.22"]
[Round "2"]
[White "bahus"]
[Black "threeNT"]
[Result "0-1"]
[WhiteElo "1881"]
[BlackElo "1725"]
[TimeControl "2700+45"]

1. e4 e5 2. Nf3 Nc6 3. Bb5 a6 4. Ba4 Nf6 5. O-O b5 6. Bb3 Be7 7. Re1 d6 8. c3 O-O 9. h3 Na5 10. Bc2 c5 11. d4 Qc7 12. Nbd2 Bb7 13. Nf1 cxd4 14. cxd4 Rac8 15. Bd3 d5 16. exd5 e4 17. Bxe4 Nxe4 18. Rxe4 Bxd5 19. Rg4 f5 20. Bf4 Qc2 21. Rg3 Qxd1 22. Rxd1 Rc2 23. Bh6 Rf7 24. Ne5 Bh4 25. Ne3 Rxb2 26. Nxf7 Bxg3 27. fxg3 Bxf7 28. Bg5 h6 29. Be7 Nc6 30. Bc5 Rxa2 31. d5 Ne5 32. Nxf5 a5 33. d6 Nd7 34. Bd4 Bg6 35. Ne7+ Kh7 36. Nxg6 Kxg6 37. Re1 Rd2 38. Re6+ Kf5 39. Re7 Rxd4 40. Rxd7 a4 41. Rb7 b4 42. d7 b3 43. Rb4 Rxd7 44. Rxa4 Rb7 45. Ra1 Ke4 46. Kf2 Kd3 47. Ke1 Kc2 48. Ke2 b2 49. Rd1 Re7+   {White resigns} 0-1

[Event "Team 45 45 League T28"]
[Site "Free Internet Chess Server"]
[Date "2005.09.26"]
[Round "2"]
[White "FusterCluck"]
[Black "javamanissa"]
[Result "0-1"]
[WhiteElo "1636"]
[BlackElo "1775"]
[TimeControl "2700+45"]

1. Nc3 Nf6 2. d4 d5 3. Bg5 Bf5 4. f3 Nc6 5. Bxf6 exf6 6. e4 dxe4 7. fxe4 Bg6 8. Nf3 Bb4 9. Qd3 O-O 10. O-O-O Bxc3 11. bxc3 Qe7 12. Re1 Qa3+ 13. Kd2 Rad8 14. Qc4 Rfe8 15. Bd3 Qd6 16. g3 Qd7 17. h4 Qg4 18. Be2 Qxe4 19. Bd3 Qxf3   {White resigns} 0-1

[Event "Team 45 45 League T28"]
[Site "Free Internet Chess Server"]
[Date "2005.09.25"]
[Round "2"]
[White "LLIAMAH"]
[Black "DreadPirateJosh"]
[Result "1-0"]
[WhiteElo "1744"]
[BlackElo "1666"]
[TimeControl "2700+45"]

1. c4 c5 2. Nc3 Nc6 3. Nf3 Nf6 4. e3 g6 5. b3 Bg7 6. Bb2 O-O 7. a3 d5 8. cxd5 Nxd5 9. Qc2 Bg4 10. Be2 Qd6 11. Nb5 Qd7 12. Bxg7 Kxg7 13. Qxc5 Rfc8 14. Qc2 Nd4 15. Qb2 Bxf3 16. Qxd4+ f6 17. Bxf3 Qxb5 18. Qxd5 Rc5 19. Qxb7 Qxb7 20. Bxb7 Rb8 21. b4 Rc7 22. Bf3 Rbc8 23. O-O Rc2 24. d4 Kf7 25. b5 Rb2 26. Rfb1 Rcc2 27. Rxb2 Rxb2 28. a4 Ke6 29. Bc6 Kd6 30. g3 a6 31. Kg2 axb5 32. axb5 Kc7 33. Ra7+ Kd6 34. d5 h6 35. Rd7+ Kc5 36. Rxe7   {Black resigns} 1-0

[Event "Team 45 45 League T28"]
[Site "Free Internet Chess Server"]
[Date "2005.09.27"]
[Round "2"]
[White "CleverBanana"]
[Black "generalkaia"]
[Result "1-0"]
[WhiteElo "1574"]
[BlackElo "1673"]
[TimeControl "2700+45"]

1. d4 d5 2. c4 c6 3. Nc3 e6 4. Nf3 Bb4 5. Bd2 Bxc3 6. Bxc3 dxc4 7. e3 b5 8. Be2 Nf6 9. Bb4 Nd5 10. Qd2 a5 11. Bc5 Na6 12. O-O Nxc5 13. dxc5 O-O 14. Ne5 Qc7 15. f4 Rd8 16. Rad1 Bb7 17. Qc1 f6 18. Nf3 Qe7 19. Nd4 e5 20. Nf5 Qxc5 21. Qd2 Nxf4 22. Qxd8+ Rxd8 23. Rxd8+ Kf7 24. Bg4 Nd5 25. Rd7+ Kg6 26. Rxg7#   {Black checkmated} 1-0

[Event "Team 45 45 League T28"]
[Site "Free Internet Chess Server"]
[Date "2005.09.24"]
[Round "2"]
[White "Nemisis"]
[Black "TGV"]
[Result "1-0"]
[WhiteElo "1862"]
[BlackElo "1785"]
[TimeControl "2700+45"]

1. e4 e6 2. d4 d5 3. Nd2 c5 4. dxc5 Bxc5 5. Nb3 Bb6 6. exd5 exd5 7. Bb5+ Nc6 8. Nf3 Qe7+ 9. Qe2 Bg4 10. Qxe7+ Nxe7 11. Ne5 Bf5 12. c3 O-O 13. Nf3 Be4 14. Be2 Ng6 15. O-O Nge5 16. Nxe5 Nxe5 17. Bf4 Nd3 18. Bxd3 Bxd3 19. Rfd1 Bc4 20. Nd4 Rad8 21. b3 Ba6 22. Rac1 Rfe8 23. Be3 Bc5 24. Nf5 b6 25. Bd4 Re2 26. a4 f6 27. Ne3 Ba3 28. Rc2 Rxc2 29. Nxc2 Be7 30. Re1 Kf7 31. f3 Bd3 32. Ne3 Rd7 33. Rd1 Ba6 34. b4 Bc4 35. Bxb6 Bb3 36. Rb1 Bxa4 37. Bd4 a6 38. Ra1 Bb5 39. Rd1 g6 40. Bb6 Ke6 41. Nc2 Bc4 42. Na3 Bb3 43. Re1+ Kf7 44. Kf2 f5 45. Bd4 a5 46. Rxe7+ Rxe7 47. bxa5 Re8 48. a6 Ke6 49. Nb5 Kd7 50. a7 Bc4 51. Na3 Re2+ 52. Kg3 Re8 53. Be5 Ra8 54. Bb8 Ba6 55. Kf4 Ke6 56. g4 fxg4 57. fxg4 h5 58. gxh5 gxh5 59. h4 Bd3 60. Kg5 Be2 61. Nc2 Kd7 62. Nd4 Bd1 63. Kf6 Ba4 64. Ke5 Bc6 65. Nxc6 Kxc6 66. Kd4   {Black resigns} 1-0

[Event "Team 45 45 League T28"]
[Site "Free Internet Chess Server"]
[Date "2005.09.25"]
[Round "2"]
[White "Pawns"]
[Black "MStav"]
[Result "1-0"]
[WhiteElo "1766"]
[BlackElo "1698"]
[TimeControl "2700+45"]

1. e4 c5 2. b3 Nc6 3. Bb2 Nf6 4. e5 Nd5 5. Qf3 e6 6. Na3 a6 7. Bc4 Nxe5 8. Bxe5 b5 9. Bxd5 exd5 10. Qxd5 Rb8 11. Bxb8   {Black resigns} 1-0

[Event "Team 45 45 League T28"]
[Site "Free Internet Chess Server"]
[Date "2005.09.25"]
[Round "2"]
[White "Rockazb"]
[Black "danijelo"]
[Result "1-0"]
[WhiteElo "1667"]
[BlackElo "1808"]
[TimeControl "2700+45"]

1. e4 e6 2. d4 d5 3. exd5 exd5 4. c4 Nf6 5. Nc3 Be7 6. Bd3 c6 7. Nge2 dxc4 8. Bxc4 Bf5 9. Qb3 O-O 10. Qxb7 Qd7 11. Qxa8 Na6 12. Qxf8+ Bxf8 13. Bxa6 Bd6 14. Bc4 h6 15. f3 Qc7 16. Kf2 Bxh2 17. g3 Bxg3+ 18. Nxg3 Bd7 19. Be3 Qd6 20. Nge4 Qb4 21. Nxf6+ gxf6 22. Bb3 Be6 23. Bxe6 Qxb2+ 24. Ne2 fxe6 25. Rab1 Qxa2 26. Rb8+ Kf7 27. Rb7+ Kg6 28. Rxh6+ Kf5 29. Rf7   {Black resigns} 1-0

[Event "Team 45 45 League T28"]
[Site "Free Internet Chess Server"]
[Date "2005.09.26"]
[Round "2"]
[White "Pieris"]
[Black "twinders"]
[Result "0-1"]
[WhiteElo "1595"]
[BlackElo "1638"]
[TimeControl "2700+45"]

1. e4 c5 2. Nf3 d6 3. d4 cxd4 4. Nxd4 Nf6 5. Nc3 Nc6 6. Be2 e6 7. f4 Be7 8. g4 Qa5 9. Bf3 e5 10. Nf5 Bxf5 11. gxf5 Nd4 12. Bd2 Nxf3+ 13. Qxf3 Qc7 14. fxe5 dxe5 15. Bg5 Bb4 16. Bd2 O-O-O 17. O-O-O Qc6 18. Rhe1 Rhe8 19. a3 Bxc3 20. Qxc3 Qxc3 21. Bxc3 Rxd1+ 22. Kxd1 Rd8+ 23. Ke2 Nxe4 24. Bxe5 f6 25. Bf4 Re8 26. Kf1 Kd7 27. Rd1+ Kc6 28. Rd4 g5 29. Bg3 Nxg3+ 30. hxg3 h5 31. Rd2 Re5 32. Rf2 b5 33. Kg2 Kc5 34. Kh3 Re3 35. Kh2 g4 36. Kg1 Rxg3+ 37. Rg2 Rxg2+ 38. Kxg2 Kd4 39. Kg3 Ke4 40. a4 bxa4 41. c4 Kd4 42. Kh4 Kxc4 43. Kxh5 g3   {White resigns} 0-1

[Event "Team 45 45 League T28"]
[Site "Free Internet Chess Server"]
[Date "2005.09.24"]
[Round "2"]
[White "nitedozer"]
[Black "ryoshu"]
[Result "1-0"]
[WhiteElo "1898"]
[BlackElo "1921"]
[TimeControl "2700+45"]

1. Nf3 Nf6 2. c4 e6 3. g3 b6 4. Bg2 Bb7 5. O-O d5 6. b3 Nbd7 7. Bb2 Be7 8. d4 O-O 9. Nbd2 c5 10. e3 Rc8 11. Ne5 Rc7 12. Rc1 Qa8 13. cxd5 exd5 14. Qe2 Rfc8 15. Nxd7 Nxd7 16. Bh3 g6 17. Rc2 a6 18. Rfc1 Rd8 19. Ba3 Qa7 20. Nf3 Bf8 21. dxc5 bxc5 22. Bb2 Qb6 23. Ne5 Bc8 24. Nxd7 Bxd7 25. Bxd7 Rcxd7 26. Qg4 a5 27. Ba3 Rc7 28. h4 Rdc8 29. h5 Qe6 30. Qxe6 fxe6 31. hxg6 hxg6 32. Kg2 Kf7 33. Bb2   {Black forfeits on time} 1-0

[Event "Team 45 45 League T28"]
[Site "Free Internet Chess Server"]
[Date "2005.09.27"]
[Round "2"]
[White "Ajmdemen"]
[Black "noHz"]
[Result "1-0"]
[WhiteElo "1844"]
[BlackElo "1911"]
[TimeControl "2700+45"]

1. e4 e5 2. Nf3 Nf6 3. Nxe5 d6 4. Nf3 Nxe4 5. d4 d5 6. Bd3 Be7 7. O-O Nc6 8. c4 Nf6 9. Nc3 O-O 10. cxd5 Nxd5 11. Be4 Be6 12. Re1 Bf6 13. a3 Qd7 14. Bg5 Be7 15. Nxd5 Bxd5 16. Bxd5 Bxg5 17. Bxc6   {Black resigns} 1-0

[Event "Team 45 45 League T28"]
[Site "Free Internet Chess Server"]
[Date "2005.09.25"]
[Round "2"]
[White "wester"]
[Black "trener"]
[Result "1-0"]
[WhiteElo "1876"]
[BlackElo "1844"]
[TimeControl "2700+45"]

1. c4 c6 2. Nf3 d5 3. d4 Nf6 4. Nc3 e6 5. e3 Nbd7 6. Bd3 dxc4 7. Bxc4 b5 8. Bd3 Bb7 9. O-O a6 10. a4 b4 11. Ne2 c5 12. a5 Bd6 13. Ng3 O-O 14. Nd2 cxd4 15. exd4 g6 16. Nc4 Be7 17. Bf4 Nd5 18. Bh6 Re8 19. Ne4 N7f6 20. Nc5 Bxc5 21. dxc5 Re7 22. Nd6 Ne8 23. Ne4 Ndf6 24. Qf3   {Black forfeits on time} 1-0

[Event "Team 45 45 League T28"]
[Site "Free Internet Chess Server"]
[Date "2005.09.22"]
[Round "2"]
[White "errorfreeerrorlog"]
[Black "NBZ"]
[Result "1-0"]
[WhiteElo "2020"]
[BlackElo "1953"]
[TimeControl "2700+45"]

1. e4 c6 2. d4 d5 3. exd5 cxd5 4. c4 Nf6 5. Nc3 Nc6 6. Bg5 dxc4 7. Bxc4 Qxd4 8. Qxd4 Nxd4 9. O-O-O Ne6 10. Bxf6 exf6 11. Bb5+ Ke7 12. Nf3 g6 13. Nd5+ Kd6 14. b4 Bh6+ 15. Kb1 Rb8 16. Rhe1 a6 17. Nxf6+ Ke7 18. Nd7 Bxd7 19. Rxd7+ Kf6 20. Ne5 Rhf8 21. Bc4 Nd8 22. Rd6+ Kg7 23. Nd7 Nc6 24. Nxb8 Rxb8 25. Rd7 Rf8 26. Rxb7 Nxb4 27. Ree7 Nc6 28. Rxf7+ Rxf7 29. Rxf7+ Kh8 30. Bxa6 Ne5 31. Re7 Ng4 32. a4 Bg5 33. Rf7 Ne5 34. Rc7 Bd2 35. Rc5 Ng4 36. a5 Nxf2 37. Bc4 Ne4 38. a6 Nxc5 39. a7   {Black resigns} 1-0

[Event "Team 45 45 League T28"]
[Site "Free Internet Chess Server"]
[Date "2005.09.26"]
[Round "2"]
[White "Thalagor"]
[Black "smallblackcat"]
[Result "0-1"]
[WhiteElo "1886"]
[BlackElo "1893"]
[TimeControl "2700+45"]

1. e4 c5 2. f4 d5 3. exd5 Nf6 4. Bb5+ Bd7 5. a4 g6 6. c4 Bg7 7. Nf3 O-O 8. Bxd7 Nbxd7 9. O-O Qc7 10. f5 Rae8 11. Nc3 Ng4 12. Ra3 Bd4+ 13. Kh1 Nf2+ 14. Rxf2 Bxf2 15. Nb5 Qb8 16. d4 a6 17. Nc3 cxd4 18. Nxd4 Rc8 19. Bh6 Rfe8 20. fxg6 hxg6 21. Ne6 Rxc4 22. Qe2 Rh4 23. Bf4 Rxf4 24. Nxf4 Qxf4 25. g3 Qc1+ 26. Kg2 Qg1+ 27. Kf3 Bc5 28. Rb3 Qh1+ 29. Kf4 Bd6+ 30. Kg4 Nf6+ 31. Kh3 Kg7 32. Kh4 Rh8+ 33. Kg5 Qc1+ 34. Qe3 Qxe3#   {White checkmated} 0-1

[Event "Team 45 45 League T28"]
[Site "Free Internet Chess Server"]
[Date "2005.09.21"]
[Round "2"]
[White "maeck"]
[Black "midoekram"]
[Result "0-1"]
[WhiteElo "1918"]
[BlackElo "1879"]
[TimeControl "2700+45"]

1. Nf3 d5 2. c4 Nf6 3. cxd5 Nxd5 4. d4 e6 5. e4 Nf6 6. Nc3 c5 7. Be3 b6 8. Bb5+ Bd7 9. O-O Bxb5 10. Nxb5 Nxe4 11. Qa4 Nd7 12. d5 exd5 13. Rae1 a6 14. Nc3 Nxc3 15. bxc3 Be7 16. Bg5 f6 17. Qc6 O-O 18. Qxd5+ Kh8 19. Rd1 fxg5 20. Qxd7 Qxd7 21. Rxd7 Bf6 22. c4 g4 23. Nd2 Rad8 24. Rxd8 Rxd8 25. Ne4 Bd4 26. g3 b5 27. Ng5 Kg8 28. Ne6 Rd6 29. Nxd4 Rxd4 30. cxb5 axb5 31. Rc1 c4 32. Kg2 b4 33. h3 gxh3+ 34. Kxh3 c3 35. Kg2 Rd2 36. Rb1 Rb2   {White resigns} 0-1

[Event "Team 45 45 League T28"]
[Site "Free Internet Chess Server"]
[Date "2005.09.23"]
[Round "2"]
[White "motaka"]
[Black "Doubleletter"]
[Result "1-0"]
[WhiteElo "1810"]
[BlackElo "1814"]
[TimeControl "2700+45"]

1. e4 d5 2. exd5 Nf6 3. d4 Nxd5 4. c4 Nb6 5. Nc3 Nc6 6. Be3 Bf5 7. Bd3 Bxd3 8. Qxd3 Ne5 9. Qe4 Nexc4 10. Qxb7 e6 11. Nf3 Bb4 12. O-O O-O 13. Nb5 Qd5 14. Qa6 Rfc8 15. Bf4 Nd6 16. Bxd6 Bxd6 17. Rac1 c6 18. Nxd6 Qxd6 19. Rc2 c5 20. dxc5 Rxc5 21. Rxc5 Qxc5 22. Qd3 Nd5 23. Rd1 h6 24. a3 a5 25. Qd4 Qc2 26. Qd2 Rc8 27. h3 Qa4 28. Rc1 Rxc1+ 29. Qxc1 Nf4 30. Qc8+ Kh7 31. Qc7 Qd1+ 32. Kh2 Nd3 33. Qxa5 Nxb2 34. Qd2 Qa4 35. Qxb2 Qf4+ 36. Kg1 e5 37. Nxe5   {Black resigns} 1-0

[Event "Team 45 45 League T28"]
[Site "Internet Chess Club"]
[Date "2005.09.25"]
[Round "2"]
[White "egd01"]
[Black "tarheels"]
[Result "0-1"]
[WhiteElo "1595"]
[BlackElo "1723"]
[TimeControl "2700+45"]

1. e4 c5 2. Nf3 d6 3. d4 cxd4 4. Nxd4 Nf6 5. Nc3 a6 6. Be3 e6 7. f3 Be7 8.
Qd2 Bd7 9. O-O-O e5 10. Nb3 Be6 11. g4 h6 12. h4 Nbd7 13. Be2 Nh7 14. Nd5
Bxd5 15. Qxd5 Bxh4 16. Qxd6 Bg5 17. Bxg5 Qxg5+ 18. Kb1 Qe7 19. Qxe7+ Kxe7
20. Na5 b5 21. Nc6+ Ke6 22. Nb4 Nhf6 23. Nd5 Nxd5 24. Rxd5 Nf6 25. Rd3 Rhd8
26. Rhd1 Ke7 27. a4 Rxd3 28. Rxd3 bxa4 29. Ra3 Nd7 30. Rxa4 Nc5 31. Ra5 Kd6
32. b4 Rb8 33. c3 Rb6 34. Kc2 Ne6 35. Bxa6 Rc6 36. Kd2 Ng5 37. Rd5+ Ke6 38.
Be2 Nh3 39. Bb5 Rc7 40. Rd8 Ng1 41. Rd3 Nh3 42. Kc2 Nf4 43. Rd8 g6 44. c4
Ne2 45. Kb3 Nd4+ 46. Ka4 Ra7+ 47. Ba6 Rxa6# {White checkmated} 0-1

[Event "Team 45 45 League T28"]
[Site "Internet Chess Club"]
[Date "2005.09.23"]
[Round "2"]
[White "ebattousai"]
[Black "calily"]
[Result "1/2-1/2"]
[WhiteElo "1505"]
[BlackElo "1576"]
[TimeControl "2700+45"]

1. e4 c5 2. d4 cxd4 3. c3 dxc3 4. Nxc3 Nc6 5. Nf3 d6 6. Bc4 e6 7. O-O a6 8.
a3 b5 9. Ba2 Nf6 10. Qe2 Be7 11. Rd1 Qc7 12. Bf4 O-O 13. Rac1 Bb7 14. Nd5
exd5 15. exd5 Nxd5 16. Bxd5 Rfe8 17. Rxc6 Bxc6 18. Rc1 Bg5 19. Qd2 Bxf4 20.
Qxf4 Rac8 21. Rxc6 Qxc6 22. Bxc6 Rxc6 23. h3 Rec8 24. Ng5 R8c7 25. Qe4
{Game drawn by mutual agreement}
1/2-1/2

[Event "Team 45 45 League T28"]
[Site "Internet Chess Club"]
[Date "2005.09.26"]
[Round "2"]
[White "mambomex"]
[Black "Invicta-Knight"]
[Result "1-0"]
[WhiteElo "1538"]
[BlackElo "1528"]
[TimeControl "2700+45"]

1. e4 e5 2. f4 exf4 3. Nf3 Be7 4. Bc4 d5 5. exd5 Bh4+ 6. Nxh4 Qxh4+ 7. Kf1
f3 8. Qe1+ Qxe1+ 9. Kxe1 fxg2 10. Rg1 Bh3 11. Nc3 Ne7 12. Ne4 Bf5 13. d3 Nd7
14. Rxg2 Ng6 15. Be3 Nde5 16. Bb5+ Bd7 17. Bxd7+ Nxd7 18. Kd2 Nde5 19. Bd4
Nf3+ 20. Kc3 Nxd4 21. Kxd4 O-O-O 22. Rf2 f6 23. Re1 Kb8 24. c4 Rhe8 25. Rfe2
Nf4 26. Rf2 Ne6+ 27. Kc3 Nc5 28. Rfe2 Nxe4+ 29. dxe4 Re5 30. Rg1 g6 31. b4
Rde8 32. Rge1 Kc8 33. Kd3 Kd7 34. a4 h5 35. h4 f5 36. exf5 Rxe2 37. Rxe2
Rxe2 38. Kxe2 gxf5 39. Ke3 Ke7 40. c5 Kf6 41. Kf4 c6 42. dxc6 bxc6 43. b5
cxb5 44. axb5 Ke6 45. b6 axb6 46. cxb6 Kd6 47. Kxf5 Kc6 48. Kg5 Kxb6 49.
Kxh5 Kc6 50. Kg6 Kd6 51. Kg7 Ke7 52. h5 {Black resigns} 1-0

mambomex(71): Necesito un masaje!!

[Event "Team 45 45 League T28"]
[Site "Internet Chess Club"]
[Date "2005.09.22"]
[Round "2"]
[White "chevalpnh"]
[Black "arriero55"]
[Result "0-1"]
[WhiteElo "1418"]
[BlackElo "1388"]
[TimeControl "2700+45"]

1. e4 c5 2. Nf3 d6 3. d4 cxd4 4. Nxd4 Nf6 5. Nc3 a6 6. Bg5 Nbd7 7. f4 e5 8.
fxe5 dxe5 9. Nf5 Qc7 10. Qd2 g6 11. Ne3 h6 12. Bxf6 Nxf6 13. O-O-O Bb4 14.
Ned5 Nxd5 15. Qxd5 Be6 16. Bb5+ Ke7 17. Qd7+ Bxd7 18. Rxd7+ Qxd7 19. Bxd7
Kxd7 20. Nd5 Bc5 21. b4 Ba7 22. Rd1 Kc6 23. c4 Rad8 24. Ne7+ Kc7 25. Rf1
Rhf8 26. Rf6 Be3+ 27. Kc2 Bg5 28. Nd5+ Rxd5 29. Rxf7+ Rxf7 30. cxd5 Rf2+
{White resigns}
0-1